 Dungeon Crawl Stone Soup version 0.21-a0-2-ge494091 (webtiles) character file.

41 Alarkh the Slasher (level 3, 20/29 HPs)
             Began as a Demonspawn Fighter on May 21, 2017.
             Got out of the dungeon alive.
             The game lasted 00:00:45 (997 turns).

Alarkh the Slasher (Demonspawn Fighter)              Turns: 997, Time: 00:00:46

Health: 20/29      AC:  6    Str: 16    XL:     3   Next: 32%
Magic:  3/3        EV:  6    Int: 10    God:
Gold:   48         SH:  8    Dex: 12    Spells: 2/2 levels left

rFire    . . .     SeeInvis .   a - +0 long sword
rCold    . . .     Gourm    .   c - +0 shield
rNeg     . . .     Faith    .   b - +0 scale mail
rPois    .         Spirit   +   (helmet restricted)
rElec    .         Reflect  .   (no cloak)
rCorr    .         Harm     .   (no gloves)
MR       .....                  (no boots)
Stlth    ..........             (no amulet)
Regen    0.1/turn               (no ring)
MPRegen  0.1/turn               (no ring)

@: no status effects
A: horns 1, magic shield
a: no special abilities


You escaped.
You were not hungry.

You visited 1 branch of the dungeon, and saw 2 of its levels.

You collected 48 gold pieces.

Inventory:

Hand Weapons
 a - a +0 long sword (weapon)
Armour
 b - a +0 scale mail (worn)
 c - a +0 shield (worn)
Scrolls
 g - a scroll of remove curse {unknown}
 h - a scroll of teleportation {unknown}
 j - a scroll of magic mapping {unknown}
 m - a scroll of identify {unknown}
 o - a scroll of amnesia {unknown}
Potions
 d - a potion of might
 e - a potion of heal wounds {unknown}
 i - a potion of mutation {unknown}
 k - a potion of flight {unknown}
 l - a potion of degeneration {unknown}
 p - 2 potions of invisibility {unknown}
Comestibles
 f - 2 bread rations
 n - 10 chunks of flesh


   Skills:
 - Level 3.0 Fighting
 + Level 3.4 Long Blades
 - Level 2.6 Armour
 - Level 2.6 Shields


You had 2 spell levels left.
You didn't know any spells.

Dungeon Overview and Level Annotations

Branches:
Dungeon (2/15)

Altars:


Innate Abilities, Weirdness & Mutations

You have a pair of small horns on your head.
When hurt, damage is shared between your health and your magic reserves.


Message History

You can't go up here!
The dart slug bites you but does no damage.
You completely miss the dart slug. You block the dart slug's attack.
You slash the dart slug!
The dart slug is almost dead.
The dart slug launches a dart at you. The slug dart hits you!
You hit the dart slug.
You kill the dart slug!
No target in view!
No target in view!
No target in view!
No target in view!
No target in view!
No target in view!
(D) Dungeon
Where to? (Enter - D:1 @ (x,y), ? - help)
There is a staircase leading out of the dungeon here.
Are you sure you want to leave the Dungeon?
This will make you lose the game!
You have escaped!

.###.......##.#...#####
#..
....>.............#.♣P♣P
#..
.####.###..##.....#....P
#.. .# #.#
#..##.....#P.PPP #.. .#
#.# #.####....#P♣... #..
.########.# #....#♣..♣P
#.. ..........#
#....#.P... #..
########### #....#PPP♣P
#.. # #..@.#..♣.P #..
### #....#PP♣.. #.. ..#
#....#..P.. ### ..#
#....#PPP♣P ..#
#.(..#..PPP ..#
#....#P♣..P # ..#
#...†#.P.P. ### .(#
#....#PPP.. ###.. ..#
#....###########.(.#


There were no monsters in sight!

Vanquished Creatures
  An adder (D:1)
  3 dart slugs (D:1)
  2 leopard geckos (D:2)
  A giant cockroach (D:1)
  4 goblins
  3 hobgoblins
  5 bats
  A frilled lizard (D:2)
  2 kobolds
  2 rats
24 creatures vanquished.

Notes
Turn   | Place    | Note
-------+----------+-------------------------------------------
     0 | D:1      | Alarkh the Demonspawn Fighter began the quest for the Orb.
     0 | D:1      | Reached XP level 1. HP: 18/18 MP: 1/1
   147 | D:1      | Gained mutation: You have a pair of small horns on your head. [demonic ancestry]
   147 | D:1      | Reached XP level 2. HP: 24/24 MP: 2/2
   818 | D:2      | Gained mutation: When hurt, damage is shared between your health and your magic reserves. [demonic ancestry]
   818 | D:2      | Reached XP level 3. HP: 24/29 MP: 3/3
   997 | D:$      | Got out of the dungeon alive.

Vault maps used:
D:1:      minmay_arrival_arboretum_small

Skill      XL: |  1  2 |
---------------+-------+-----
Long Blades    | 2 3 |  3.4
Fighting       | |  3.0
Armour         | |  2.6
Shields        | |  2.6

Action                   || total
-------------------------++-------
Melee: Long sword        ||    70
       Headbutt          ||     9
Armor: Scale mail        ||    35
Dodge: Dodged            ||    12
Block: Shield            ||    35
       Rpst.: Long sword ||     6
